 Dungeon Crawl Stone Soup version 0.32-a0-119-g2e8054a333 (webtiles) character file.

Game seed: 254266765201122357

550 Dirtsage the Changeling (level 7, -6/69 HPs)
             Began as an Octopode Shapeshifter on Feb 7, 2024.
             Mangled by a two-headed ogre
             ... wielding a +0 giant spiked club
              (8 damage)
             ... on level 5 of the Dungeon.
             The game lasted 00:07:49 (3635 turns).

Dirtsage the Changeling (Octopode Shapeshifter)     Turns: 3635, Time: 00:07:49

Health: -6/69      AC: 23    Str: 14    XL:     7   Next: 29%
Magic:  7/7        EV:  2    Int: 12    God:
Gold:   270        SH:  0    Dex: 13    Spells: 6/6 levels left

rFire   + .          .
                       - Unarmed
rCold   . . .        (no shield)
rNeg    + . .        (helmet currently unavailable)
rPois   +            s - amulet of the acrobat
rElec   .            P - ring of poison resistance
rCorr   .            N - ring of positive energy
SInv    .            F - ring of protection from fire
Will    .....        (no ring)
Stlth   +            (no ring)
HPRegen 0.31/turn    (no ring)
MPRegen 0.10/turn    (no ring)
                     (no ring)

%: acrobat
@: tree-form
A: stationary, stasis, torment immunity, boosted hp, almost no armour,
(amphibious), 8 rings, (camouflage 1), (gelatinous body 1), (nimble swimmer 1),
(tentacles)
a: no special abilities


You were on level 5 of the Dungeon.
You were a tree.
You visited 1 branch of the dungeon, and saw 5 of its levels.

You collected 270 gold pieces.

Inventory:

Jewellery
 s - an amulet of the acrobat (around neck)
 F - a ring of protection from fire (on tentacle)
 N - a ring of positive energy (right branch)
 P - a ring of poison resistance (left branch)
Talismans
 b - a beast talisman
 c - a flux talisman
Wands
 q - a wand of paralysis (6)
Scrolls
 e - a scroll of silence {unknown}
 f - a scroll of revelation {unknown}
 g - 3 scrolls of blinking {unknown}
 i - a scroll of identify
 l - a scroll of noise {unknown}
 m - a scroll of teleportation {unknown}
 o - a scroll of poison {unknown}
 r - a scroll of fear {unknown}
Potions
 d - 2 potions of might
 h - 2 potions of haste
 j - a potion of berserk rage
 k - a potion of enlightenment
 n - a potion of degeneration {unknown}
 p - a potion of attraction {unknown}
 t - a potion of curing {unknown}


   Skills:
 + Level 3.5 Fighting
 - Level 3.2 Dodging
 + Level 4.6 Unarmed Combat
 * Level 5.4 Shapeshifting


You had 6 spell levels left.
You didn't know any spells.
Your spell library contained the following spells:

 Spells                   Type           Power      Damage    Failure   Level
 Scorch                   Fire           0%         2d5       45%         2
 Flame Wave               Conj/Fire      0%         2d4       97%         4
 Summon Cactus Giant      Summ           0%         N/A       100%        6


Dungeon Overview and Level Annotations

Branches:
Dungeon (5/15)
 Temple: D:4-7

Altars:
Dithmenos
Hepliaklqana
Trog

Shops:
D:1 =   D:4 :


Innate Abilities, Weirdness & Mutations

You are a tree.
Your roots penetrate the ground, keeping you stationary.
You cannot be teleported.
You are immune to unholy pain and torment.
Your maximum health is greatly increased.
You cannot wear most types of armour.
((You are amphibious.))
You can wear up to eight rings at the same time.
((Your skin changes colour to match your surroundings (Stealth+).))
((Your rubbery body absorbs attacks. (AC +1, EV +1)))
((You are camouflaged when in or above water. (Stealth+)))
((You have tentacles for arms and can constrict up to eight enemies at once.))


Message History

Press: ? - help, Shift-Dir - straight line, f/p - two-headed ogre
Aim: a two-headed ogre, wielding a +0 giant spiked club and a +0 giant club (chance to affect: 31%)
The two-headed ogre easily resists.
Your transformation has ended.
You turn into a tree.
Your roots penetrate the ground.
You now have 69/69 hp.
You barely miss the two-headed ogre. Your punch misses the two-headed ogre.
The two-headed ogre hits you with a +0 giant spiked club!
The two-headed ogre hits you but does no damage.
You take 14 damage, and have 55/69 hp.
MASSIVE DAMAGE!!
You hit the two-headed ogre.
The two-headed ogre is lightly wounded.
You hit the two-headed ogre.
The two-headed ogre is lightly wounded.
The two-headed ogre hits you with a +0 giant spiked club!
The two-headed ogre hits you with a +0 giant club!
You take 23 damage, and have 32/69 hp.
MASSIVE DAMAGE!!
You smack the two-headed ogre!
The two-headed ogre is heavily wounded.
You smack the two-headed ogre!
The two-headed ogre is heavily wounded.
The two-headed ogre hits you but does no damage.
The two-headed ogre hits you with a +0 giant club!
* * * LOW HITPOINT WARNING * * *
You take 13 damage, and have 19/69 hp.
You completely miss the two-headed ogre.
The two-headed ogre is heavily wounded.
The two-headed ogre hits you with a +0 giant spiked club!
* * * LOW HITPOINT WARNING * * *
The two-headed ogre hits you with a +0 giant club.
* * * LOW HITPOINT WARNING * * *
You take 10 damage, and have 9/69 hp.
You hit the two-headed ogre.
The two-headed ogre is severely wounded.
You pummel the two-headed ogre!!
The two-headed ogre is almost dead.
The two-headed ogre hits you with a +0 giant spiked club!
* * * LOW HITPOINT WARNING * * *
The two-headed ogre hits you with a +0 giant club!
You die...

#.......#.#...###########.#.###
#..............................
#.......#.#...###########.#.###
##+######.##### #.#....
##..############ #[#####
#............... #.#
#.............>. #.#
#............... #.#
#......♣O....... +..
#............... ###
#...............
#########....... .......
...#+## ### ...# #.. ...#
########.. ...# #.........


You could see a two-headed ogre.

Vanquished Creatures
  Sigmund (D:3)
  A black bear (D:4)
  A scorpion (D:4)
  A jelly (D:4)
  An iguana (D:4)
  Ijyb (D:4)
  An orc wizard (D:5)
  4 adders
  3 ribbon worms
  A dart slug (D:1)
  8 orcs
  5 bats
  7 endoplasms
  6 giant cockroaches
  7 goblins
  8 hobgoblins
  4 jackals (D:2)
  4 kobolds
  3 quokkas
  12 ball pythons
  2 frilled lizards
  7 rats
88 creatures vanquished.

Notes
Turn   | Place    | Note
-------+----------+-------------------------------------------
     0 | D:1      | Dirtsage the Octopode Shapeshifter began the quest for the
                  | Orb.
     0 | D:1      | Reached XP level 1. HP: 13/13 MP: 1/1
    36 | D:1      | Reached XP level 2. HP: 12/18 MP: 2/2
   155 | D:1      | Found Ugosuegh's Jewellery Shop.
   352 | D:1      | Reached XP level 3. HP: 21/23 MP: 3/3
   646 | D:2      | Found a faded altar of an unknown god.
  1136 | D:2      | Reached XP level 4. HP: 28/29 MP: 4/4
  1926 | D:3      | Noticed Sigmund
  1945 | D:3      | Killed Sigmund
  1946 | D:3      | Reached skill level 4 in Shapeshifting
  1946 | D:3      | Reached XP level 5. HP: 35/35 MP: 5/5
  1946 | D:3      | Reached XP level 6. HP: 41/41 MP: 6/6
  2113 | D:3      | Found a shadowy altar of Dithmenos.
  2422 | D:3      | Found a faded altar of an unknown god.
  2426 | D:3      | Found a bloodstained altar of Trog.
  2502 | D:4      | Noticed a black bear
  2509 | D:4      | Killed a black bear
  2590 | D:4      | Found a hazy altar of Hepliaklqana.
  2700 | D:4      | Found Buuranif's Tiny Tomes.
  2722 | D:4      | Reached skill level 5 in Shapeshifting
  2810 | D:4      | Reached XP level 7. HP: 34/46 MP: 7/7
  2904 | D:4      | Noticed Ijyb
  2933 | D:4      | Paralysed by Ijyb for 3 turns
  2941 | D:4      | Killed Ijyb
  3408 | D:5      | Entered Level 5 of the Dungeon
  3621 | D:5      | Noticed a two-headed ogre
  3635 | D:5      | HP: 2/69 [two-headed ogre/+0 giant spiked club (7)]
  3635 | D:5      | Mangled by a two-headed ogre

Illustrated notes

Levels and vault maps discovered:
D:1:      minmay_arrival_glassed_features, layout_loops_cross, serial_shops,
          shop, grunt_decor_junction
D:2:      minmay_door_path, layout_loops_ring,
          shapermc_ecumenical_altar_notcrosses
D:3:      layout_basic, nicolae_overflow_ecumenical_swirl, lemuel_tele_altar,
          minmay_door_square, corexii_hall_statues_i, minmay_misc_feat_plants,
          uniq_sigmund
D:4:      layout_loops_ring, mainiacjoe_overflow_tiny_flanked, hex_tiny,
          minivault_19, nicolae_shop_i_like_small_books_too, uniq_ijyb
D:5:      layout_basic, nemelex_dance_club_becter, kennysheep_generic_room_12

Skill      XL: |  1  2  3  4  5  6 |
---------------+-------------------+-----
Fighting       | 2 3 |  3.5
Dodging        | 3 |  3.2
Unarmed Combat | 4 |  4.6
Shapeshifting  | 4 5 |  5.4

Action                     |  1- 3 |  4- 6 |  7- 9 || total
---------------------------+-------+-------+-------++-------
  Melee: Unarmed           |    59 |    79 |    37 ||   175
         Constrict         |    19 |    16 |    12 ||    47
         Tentacles         |    16 |     8 |     8 ||    32
         Punch             |     1 |     2 |     1 ||     4
  Evoke: Wand              |       |       |     4 ||     4
    Use: Scroll            |       |     4 |       ||     4
         Potion            |       |     2 |     1 ||     3
   Stab: Sleeping          |     7 |     8 |     2 ||    17
         Distracted        |     1 |       |       ||     1
 Armour: Skin              |    17 |    34 |    17 ||    68
  Dodge: Dodged            |    41 |    53 |    15 ||   109

Table legend: (Time is in decaauts)
 A = Elapsed time spent in this place.
 B = Non-inter-level travel time spent in this place.
 C = Inter-level travel time spent in this place.
 D = Time resting spent in this place.
 E = Time spent auto-exploring this place.
 F = Levels seen in this place.
 G = Mean time per level.
                   A        B        C        D        E       F      G
               +--------+--------+--------+--------+--------+-----+--------+
         Total |   3620 |   3497 |    123 |     29 |   2890 |   5 |  724.0 |
       Dungeon |   3620 |   3497 |    123 |     29 |   2890 |   5 |  724.0 |
               +--------+--------+--------+--------+--------+-----+--------+

Top non-repeatable levels by time:
     D:2: 1084 daAuts
     D:4: 926 daAuts
     D:3: 762 daAuts
     D:1: 621 daAuts
     D:5: 225 daAuts
